 Dungeon Crawl Stone Soup version 0.23-a0-358-g98c7a59 (webtiles) character file.

6153 Garbasso the Fighter (level 10, 0/110 HPs)
             Began as an Ogre Transmuter on Oct 22, 2018.
             Was a Follower of Makhleb.
             Slain by a yak (4 damage)
             ... on level 9 of the Dungeon.
             The game lasted 00:36:55 (11805 turns).

Garbasso the Fighter (Ogre Transmuter)             Turns: 11805, Time: 00:36:56

Health: 0/110      AC:  8    Str: 16    XL:     10   Next: 90%
Magic:  7/13       EV: 10    Int: 16    God:    Makhleb [*.....]
Gold:   168        SH:  3    Dex: 10    Spells: 2/13 levels left

rFire    . . .     SeeInvis +     - Unarmed
rCold    . . .     Gourm    .   (no shield)
rNeg     . . .     Faith    .   H - +2 robe {MR+}
rPois    .         Spirit   .   (helmet restricted)
rElec    .         Reflect  +   r - +2 cloak
rCorr    .         Harm     .   (gloves unavailable)
MR       ++...                  (boots unavailable)
Stlth    +.........             s - +3 amulet of reflection
HPRegen  0.28/turn              m - ring of see invisible
MPRegen  0.13/turn              (no ring)

@: studying Bows
A: large, unfitting armour, tough skin 1
a: Renounce Religion


You were on level 9 of the Dungeon.
You worshipped Makhleb.
Makhleb was aware of your devotion.
You were not hungry.

You visited 2 branches of the dungeon, and saw 10 of its levels.

You collected 420 gold pieces.
You spent 252 gold pieces at shops.

Inventory:

Missiles
 a - 110 arrows
 i - 127 stones (quivered)
 w - 10 tomahawks
Armour
 r - a +2 cloak (worn)
 H - a +2 robe of magic resistance (worn)
Magical Staves
 G - an uncursed staff of cold
Jewellery
 m - a ring of see invisible (left hand)
 s - a +3 amulet of reflection (around neck)
 z - an uncursed amulet of magic regeneration {unknown}
Wands
 k - a wand of random effects (27)
 l - a wand of disintegration (30)
 p - a wand of polymorph (30)
 v - a wand of digging (18)
 y - a wand of paralysis (12)
 C - a wand of flame (32)
 D - a wand of acid (12)
Scrolls
 c - 2 scrolls of fear
 f - 3 scrolls of teleportation
 B - a scroll of magic mapping
 E - a scroll of remove curse
 I - 3 scrolls of identify
Potions
 b - a potion of heal wounds
 e - 2 potions of flight {unknown}
 h - a potion of resistance {unknown}
 j - a potion of agility {unknown}
 n - a potion of berserk rage {unknown}
 o - 2 potions of cancellation
 q - a potion of haste
 t - a potion of degeneration {unknown}
 x - 3 potions of curing
 A - 2 potions of lignification {unknown}
 F - a potion of mutation {unknown}
Books
 u - a manual of Bows
Comestibles
 d - 16 rations
 g - 8 chunks of flesh


   Skills:
 + Level 10.2 Fighting
 - Level 2.2 Dodging
 + Level 8.7 Unarmed Combat
 - Level 2.4 Spellcasting
 * Level 9.5 Transmutations
 - Level 4.0 Invocations


You had 2 spell levels left.
You knew the following spells:

 Your Spells              Type           Power        Failure   Level  Hunger
a - Beastly Appendage     Tmut           ####..       1%          1    #......
b - Sticks to Snakes      Tmut           ####....     1%          2    ###....
c - Spider Form           Tmut/Pois      ###.......   9%          3    ###....
d - Blade Hands           Tmut           ####......   11%         5    ######.

Your spell library contained the following spells:

 Spells                   Type           Power        Failure   Level  Hunger
 Summon Small Mammal      Summ           #...         21%         1    #......
 Call Imp                 Summ           #.......     30%         2    ###....
 Ice Form                 Ice/Tmut       ###.....     28%         4    #####..
 Call Canine Familiar     Summ           #.......     52%         3    ###....
 Summon Guardian Golem    Hex/Summ       #.......     52%         3    ###....
 Summon Ice Beast         Ice/Summ       #.......     89%         4    #####..
 Summon Lightning Spire   Summ/Air       #.......     89%         4    #####..


Dungeon Overview and Level Annotations

Branches:
Dungeon (9/15)             Temple (1/1) D:7
   Lair: D:8-11         Orc: D:9-12

Altars:
Ashenzari
Cheibriados
Dithmenos
Elyvilon
Gozag
Hepliaklqana
Makhleb
Nemelex Xobeh
Okawaru
Qazlal
Ru
Sif Muna
Trog
Uskayaw
Vehumet
Xom
Yredelemnul
Zin
The Shining One

Shops:
D:8 [


Innate Abilities, Weirdness & Mutations

You are too large for most types of armour.
You have tough skin. (AC +1)


Message History

The yak is moderately wounded.
The yak gores you.
* * * LOW HITPOINT WARNING * * *
The yak gores you but does no damage.
You punch the yak! Your punch misses the yak.
The yak is heavily wounded.
The yak gores you!
* * * LOW HITPOINT WARNING * * *
Casting: Blade Hands (slightly dangerous; 11% risk of failure)
Confirm with . or Enter, or press ? or * to list all spells.
You create 3 snakes!
You now have 111 arrows.
You block the yak's attack. The yak gores you.
* * * LOW HITPOINT WARNING * * *
Casting: Sticks to Snakes (safe; 1% risk of failure)
Confirm with . or Enter, or press ? or * to list all spells.
You create a snake!
You now have 110 arrows.
The yak gores you but does no damage.
Your ball python bites the yak.
Your ball python bites the yak but does no damage.
The yak gores you.
You die...

#######
#######...#######
##...###...###...##
##....###...###....##
##..#..##.....##S.#..##
#..##..#...#...#YY##..#
#..###....###..S@###..#
#..###....###..SS###..#
#..####...###...####..#
...################
.... ..## #...<......+
... .## #..........# ..
## #..........# . #
#..........# #
#.....(....#


You could see 2 yaks, a friendly water moccasin and 3 friendly ball pythons.

Vanquished Creatures
  Erica (D:8)
  A two-headed ogre (D:9)
  Pikel (D:8)
  Maurice (D:8)
  Joseph (D:8)
  Grinder (D:5)
  4 yaks (D:9)
  A spriggan (D:7)
  Eustachio (D:4)
  Duvessa (D:5)
  An ice beast (D:5)
  5 phantoms
  An orc warrior (D:6)
  6 centaurs
  6 bullfrogs
  A wyvern zombie (D:9)
  Dowan (D:5)
  A scorpion (D:4)
  2 howler monkeys
  2 crimson imps
  A quasit (D:6)
  2 bullfrog skeletons
  A centaur skeleton (D:5)
  4 hounds
  2 orc wizards
  3 orc priests
  A jelly (D:5)
  Jessica (D:3)
  Ijyb (D:5)
  2 iguanas
  Natasha (D:4)
  5 worker ants
  A hound skeleton (D:6)
  Robin (D:2)
  12 adders
  7 gnolls
  A shadow imp (D:7)
  An ooze (D:7)
  An adder zombie (D:5)
  2 worms
  A dart slug (D:4)
  7 leopard geckos
  25 orcs
  4 giant cockroaches
  13 goblins
  12 hobgoblins
  5 jackals
  7 kobolds
  5 quokkas
  2 ball pythons
  5 bats
  5 frilled lizards
  A jackal skeleton (D:4)
  A leopard gecko skeleton (D:7)
  2 rats
184 creatures vanquished.

Vanquished Creatures (collateral kills)
  A hungry ghost (D:8)
  A necrophage (D:7)
  An ogre (D:6)
  A hound (D:6)
  A centaur skeleton (D:6)
  An orc priest (D:6)
  Crazy Yiuf (D:3)
  An iguana (D:6)
  2 orc wizards
  5 gnolls
  8 orcs
  6 jackals (D:6)
  A kobold (D:4)
  A quokka (D:6)
  A jackal skeleton (D:6)
32 creatures vanquished.

Vanquished Creatures (others)
  A slave (D:8)
  A centaur (D:8)
  A worker ant (D:8)
  2 quokkas
5 creatures vanquished.

Grand Total: 221 creatures vanquished

Notes
Turn   | Place    | Note
-------+----------+-------------------------------------------
     0 | D:1      | Garbasso the Ogre Transmuter began the quest for the Orb.
     0 | D:1      | Reached XP level 1. HP: 19/19 MP: 3/3
   231 | D:1      | Reached XP level 2. HP: 28/28 MP: 3/5
   838 | D:2      | Reached skill level 2 in Fighting
   866 | D:2      | Noticed Robin
   898 | D:1      | Reached XP level 3. HP: 13/35 MP: 6/6
  1141 | D:1      | Learned a level 2 spell: Sticks to Snakes
  1145 | D:1      | Learned a level 3 spell: Spider Form
  1156 | D:2      | Killed Robin
  1384 | D:2      | Found a bloodstained altar of Trog.
  1521 | D:2      | Reached XP level 4. HP: 44/44 MP: 5/7
  2218 | D:2      | Found a glowing silver altar of Zin.
  2357 | D:2      | Found a faded altar of an unknown god.
  2738 | D:3      | Reached skill level 3 in Fighting
  2738 | D:3      | Reached XP level 5. HP: 12/53 MP: 0/8
  3313 | D:3      | Found a shimmering altar of Xom.
  3336 | D:3      | Found a shimmering altar of Xom.
  3374 | D:3      | Noticed Jessica
  3385 | D:3      | Killed Jessica
  3630 | D:3      | Found a runed door.
  3740 | D:3      | Noticed Crazy Yiuf
  3744 | D:3      | Killed Crazy Yiuf
  3844 | D:4      | Reached XP level 6. HP: 58/62 MP: 2/9
  4010 | D:4      | Noticed a phantom
  4011 | D:4      | Noticed a phantom
  4019 | D:4      | Reached skill level 4 in Fighting
  4330 | D:4      | HP: 3/62 [phantom (8)]
  4331 | D:4      | HP: 1/62 [phantom (2)]
  4688 | D:4      | Killed a phantom
  4688 | D:4      | Reached skill level 5 in Unarmed Combat
  4688 | D:4      | Reached XP level 7. HP: 65/71 MP: 10/10
  5673 | D:4      | Reached skill level 5 in Fighting
  5698 | D:4      | Noticed Eustachio
  5722 | D:4      | Killed Eustachio
  5725 | D:4      | Noticed Natasha
  5729 | D:4      | Killed Natasha
  5741 | D:4      | Reached XP level 8. HP: 47/81 MP: 4/11
  6309 | D:5      | Entered Level 5 of the Dungeon
  6317 | D:5      | Noticed Ijyb
  6326 | D:5      | Killed Ijyb
  6553 | D:5      | Reached skill level 6 in Fighting
  7142 | D:5      | Reached skill level 5 in Transmutations
  7292 | D:5      | Learned a level 5 spell: Blade Hands
  7382 | D:5      | Found a sacrificial altar of Ru.
  7395 | D:5      | Noticed Grinder
  7414 | D:5      | Paralysed by Grinder for 5 turns
  7421 | D:5      | Killed Grinder
  7543 | D:5      | Noticed Duvessa
  7543 | D:5      | Noticed Dowan
  7553 | D:5      | Killed Duvessa
  7572 | D:5      | Killed Dowan
  7572 | D:5      | Reached skill level 7 in Fighting
  7850 | D:5      | You fall through a shaft!
  7892 | D:6      | Reached XP level 9. HP: 92/93 MP: 1/12
  8733 | D:6      | Reached skill level 8 in Fighting
  9149 | D:7      | Found a staircase to the Ecumenical Temple.
  9158 | Temple   | Entered the Ecumenical Temple
  9203 | Temple   | Became a worshipper of Makhleb the Destroyer
  9391 | D:7      | Found a white marble altar of Elyvilon.
  9482 | D:7      | Reached skill level 1 in Invocations
 10353 | D:8      | Noticed Joseph
 10366 | D:8      | Noticed Maurice
 10370 | D:8      | Killed Joseph
 10450 | D:8      | Killed Maurice
 10450 | D:8      | Reached skill level 9 in Fighting
 10450 | D:8      | Reached XP level 10. HP: 49/107 MP: 3/13
 10476 | D:8      | Noticed Pikel
 10500 | D:8      | Killed Pikel
 10502 | D:8      | Noticed Erica
 10527 | D:8      | Killed Erica
 11066 | D:8      | Found Zaxzicru's Antique Armour Shoppe.
 11069 | D:8      | Bought a smoking hat for 252 gold pieces
 11074 | D:8      | Identified the +1 hat of Coronation {-Cast rPois rCorr
                  | Slay+3} (You bought it in a shop on level 8 of the Dungeon)
 11548 | D:9      | Noticed a two-headed ogre
 11590 | D:9      | Killed a two-headed ogre
 11787 | D:9      | Reached * piety under Makhleb
 11787 | D:9      | Reached skill level 10 in Fighting
 11804 | D:9      | HP: 4/110 [yak (5)]
 11805 | D:9      | Slain by a yak

Vault maps used:
D:1:      psy_arrival_spokes, chequers_serial_rivers_micro_c
D:2:      zin_treasury, nicolae_overflow_hidden_temple, first_ration,
          chequers_ecumenical_altar_grove, uniq_robin
D:3:      kennysheep_flooded_box, lemuel_statue_altar, uniq_jessica,
          uniq_crazy_yiuf_cottage
D:4:      st_stairs_10, minmay_manual_moon, uniq_natasha, uniq_eustachio
D:5:      nicolae_ru_awakened_eye, minivault_27, uniq_grinder, uniq_ijyb,
          uniq_duvessa
D:6:      minmay_divided_ellipse
D:7:      elyvilon_altar_4, minmay_temple_entry_statues_pillars, the_bakery,
          kennysheep_path_1
D:8:      serial_shops, kennysheep_mini_moat, uniq_maurice, uniq_erica,
          uniq_joseph, uniq_pikel
D:9:      serial_curves, eino_curves_04, eino_curves_03, eino_curves_01,
          hangedman_glass_teeth
Temple:   nicolae_temple_elliptical

Skill      XL: |  1  2  3  4  5  6  7  8  9 10 |
---------------+-------------------------------+-----
Dodging        | 2 |  2.2
Unarmed Combat | 3 4 5 6 7 8 |  8.7
Transmutations | 2 3 4 6 8 9 |  9.5
Fighting       | 2 3 4 5 7 9 10 | 10.2
Invocations    | 2 4 |  4.0
Spellcasting   | |  2.4

Action                   |  1- 3 |  4- 6 |  7- 9 | 10-12 || total
-------------------------+-------+-------+-------+-------++-------
Melee: Unarmed           |    91 |   227 |   421 |    89 ||   828
       Kick              |     8 |     7 |     6 |     4 ||    25
       Headbutt          |     4 |     5 |     6 |     2 ||    17
       Punch             |     1 |     2 |     4 |     3 ||    10
Throw: Stone             |       |       |     4 |       ||     4
 Cast: Beastly Appendage |    15 |    14 |     6 |     4 ||    39
       Sticks to Snakes  |     2 |    17 |    35 |     6 ||    60
       Spider Form       |     1 |     8 |    27 |     4 ||    40
       Blade Hands       |       |       |       |     2 ||     2
 Abil: End Transformatio |       |       |       |     1 ||     1
Evoke: Wand              |       |       |     5 |       ||     5
  Use: Potion            |       |     2 |       |     1 ||     3
       Scroll            |       |       |    11 |     2 ||    13
 Stab: Sleeping          |       |       |     1 |       ||     1
  Eat: Chunk             |     2 |    11 |    19 |     4 ||    36
       Ration            |       |     1 |     1 |     1 ||     3
Armor: Robe              |    22 |       |       |    22 ||    44
       Animal skin       |     3 |    53 |    79 |       ||   135
       Skin              |     1 |     2 |    10 |     2 ||    15
Dodge: Dodged            |    47 |   126 |   265 |    40 ||   478
Block: Other             |       |       |    17 |    15 ||    32
       Reflection        |       |       |     4 |     1 ||     5

Table legend:
 A = Non-vault XP
 B = Vault XP
 C = Vault XP percentage of total XP
 D = Non-vault monster count
 E = Vault monster count
 F = Vault count percentage of total count
                 A         B        C        D         E       F
            +---------+---------+-------+---------+---------+-------
      Total |    4816 |    3974 |  45.2 |     179 |      37 |  17.1
            +---------+---------+-------+---------+---------+-------
        D:1 |      24 |       4 |  14.3 |      12 |       2 |  14.3
        D:2 |      57 |      31 |  35.2 |      19 |       9 |  32.1
        D:3 |     120 |      74 |  38.1 |      23 |       2 |   8.0
        D:4 |     421 |     597 |  58.6 |      25 |       8 |  24.2
        D:5 |     393 |     575 |  59.4 |      16 |       4 |  20.0
        D:6 |     855 |     219 |  20.4 |      31 |       7 |  18.4
        D:7 |     537 |     201 |  27.2 |      17 |       1 |   5.6
        D:8 |     635 |    2273 |  78.2 |      17 |       4 |  19.0
        D:9 |    1771 |       0 |   0.0 |      18 |       0 |   0.0
     Temple |       3 |       0 |   0.0 |       1 |       0 |   0.0
            +---------+---------+-------+---------+---------+-------
